AoeStats
← Juanjopaz27

Arena

508146007Analyzed
3v3 RM · 9d ago on Sep 21, 2026· 55m 42s· 6 players
Game mode
Random Map
Map size
Normal (6 player)
Population
200
Speed
Normal
Resources
Standard
Victory
Conquest
Starting age
Dark Age
Ending age
Imperial Age
RankedLock teamsTeams togetherTeam positionsShared explorationLock speedFull tech treeHidden civsTurbo modeCheats
Victory
Defeat
🇨🇴 Persians · Colombia
803
+9
🇨🇴 Hindustanis · Colombia
780
+10
🇨🇱 Italians · Chile
643
+17
🇨🇦 Bohemians · Canada
722
-15
🇺🇸 Japanese · United States
649
-12
🇺🇸 Khitans · United States
559
-9
Barkyboys2
0:55 Loom
11:56 Feudal Age
17:21 Castle Age
15:40 Double-Bit Axe
22:48 Horse Collar
26:05 Wheelbarrow
25:39 Heavy Plow
30:41 Imperial Age
29:58 Hand Cart
30:38 Bow Saw
32:13 Kataparuto
34:18 Gold Mining
33:55 Elite Samurai
34:59 Conscription
34:06 Elite Skirmisher
35:59 Two-Man Saw
36:00 Conscription
37:36 Thumb Ring
39:24 Squires
39:15 Gambesons
39:18 Arson
Classified2045
10:24 Loom
13:02 Feudal Age
20:06 Castle Age
18:35 Double-Bit Axe
19:03 Domestication
26:45 Wheelbarrow
28:54 Scale Mail Armor
32:29 Fortified Wall
35:24 Bow Saw
40:43 Imperial Age
39:17 Hand Cart
40:17 Chain Mail Armor
40:12 Forging
40:03 Padded Archer Armor
40:14 Gold Mining
40:15 Stone Mining
41:40 Thumb Ring
40:58 Elite Skirmisher
42:33 Conscription
42:31 Lamellar Armor
42:37 Fletching
46:41 Plate Mail Armor
madagascart
3:38 Loom
10:55 Feudal Age
18:08 Castle Age
16:18 Horse Collar
16:48 Double-Bit Axe
19:08 Wheelbarrow
19:43 Forging
25:00 Town Watch
27:44 Hand Cart
34:05 Imperial Age
32:26 Bow Saw
33:33 Scale Barding Armor
34:39 Fervor
34:38 Scale Mail Armor
35:14 Iron Casting
36:00 Chemistry
35:21 Ballistics
35:44 Wagenburg Tactics
36:09 Chain Mail Armor
38:48 Plate Mail Armor
39:19 Blast Furnace
41:20 Elite Hussite Wagon
47:58 Hussite Reforms
50:35 Redemption
51:25 Sanctity
kiberto
11:08 Feudal Age
11:47 Double-Bit Axe
19:37 Castle Age
23:04 Horse Collar
24:14 Bow Saw
26:34 Stone Mining
26:56 Gold Mining
29:31 Silk Road
30:19 Heavy Plow
34:39 Imperial Age
33:18 Stone Shaft Mining
33:42 Wheelbarrow
36:31 Chemistry
36:24 Scale Barding Armor
36:38 Hand Cart
37:14 Conscription
36:14 Elite Genoese Crossbowman
38:14 Crop Rotation
38:58 Two-Man Saw
38:24 Husbandry
42:19 Caravan
42:50 Coinage
42:30 Guilds
43:42 Ballistics
42:55 Cavalier
44:46 Chain Barding Armor
50:11 Banking
50:34 Pirotechnia
51:00 Hoardings
51:03 Plate Barding Armor
Juanjopaz27
2:55 Loom
9:39 Feudal Age
10:12 Double-Bit Axe
11:27 Horse Collar
11:42 Gold Mining
19:05 Castle Age
17:58 Scale Barding Armor
18:23 Stone Mining
19:53 Wheelbarrow
21:42 Chain Barding Armor
23:42 Heavy Plow
24:42 Bow Saw
24:51 Bloodlines
26:49 Hand Cart
26:48 Town Watch
27:37 Husbandry
28:01 Town Patrol
29:12 Fletching
29:23 Padded Archer Armor
29:14 Gambesons
29:14 Arson
29:52 Bodkin Arrow
30:39 Gold Shaft Mining
30:10 Crossbowman
32:23 Leather Archer Armor
32:59 Thumb Ring
38:02 Imperial Age
39:10 Plate Barding Armor
38:11 Elite War Elephant
39:33 Ballistics
40:14 Chemistry
40:00 Ring Archer Armor
40:16 Stone Shaft Mining
40:03 Murder Holes
43:49 Masonry
44:19 Elite Skirmisher
48:36 Heavy Cavalry Archer
49:41 Parthian Tactics
49:38 Forging
50:00 Architecture
49:33 Scale Mail Armor
48:56 Cavalier
Mathias1493
14:41 Feudal Age
16:40 Wheelbarrow
15:47 Horse Collar
15:55 Double-Bit Axe
16:10 Gold Mining
16:13 Stone Mining
23:18 Castle Age
24:11 Fletching
24:32 Forging
24:57 Bow Saw
25:05 Hand Cart
26:53 Scale Barding Armor
26:56 Husbandry
28:43 Fortified Wall
29:03 Caravan
30:49 Scale Mail Armor
34:46 Imperial Age
32:55 Gold Shaft Mining
36:02 Stone Shaft Mining
35:39 Grand Trunk Road
35:37 Murder Holes
36:24 Iron Casting
35:46 Bodkin Arrow
37:12 Two-Man Saw
37:45 Chemistry
38:16 Blast Furnace
37:35 Heavy Plow
39:10 Shatagni
39:37 Padded Archer Armor
40:50 Heavy Camel Rider
41:57 Elite Ghulam
46:06 Bracer
46:26 Chain Barding Armor
48:07 Imperial Camel Rider
48:59 Bloodlines
49:34 Chain Mail Armor
49:54 Plate Barding Armor
50:45 Redemption
50:45 Fervor
50:58 Ballistics
50:29 Guard Tower
50:29 Town Watch
50:31 Loom
51:04 Leather Archer Armor
51:26 Coinage
50:19 Crossbowman
51:05 Thumb Ring
52:32 Pikeman
54:37 Man-at-Arms
55:18 Squires
55:03 Arson
54:42 Elite Skirmisher
55:46 Sanctity
55:27 Devotion
55:53 Illumination
55:44 Block Printing
55:43 Masonry
55:39 Siege Engineers
Connection lost

Rejoining the realm…

Still unreachable

The connection could not be restored.

Session expired

The server has moved on; the page needs a fresh start.